Map: Pillars of Gold LE

Players

DPGZest (Zest) - Winner!

  • Race: Protoss Protoss
  • Spawn Location: 1:00

SKillous

  • Race: Protoss Protoss
  • League: Master
  • Spawn Location: 7:00

Event: StayAtHome Story Cup #3

VOD

Have the link to the VOD?

Description

Time

  • Played on: March 12, 2021, 7:28 a.m.
  • Length: 5:25

All games in this series

Show
View Real Time Build Order
Export as new Build Order

DPGZest Protoss - Winner!

Build Orders:  

Get SALT Encoding   

  12  0:00  Probe  
  13  0:12  Probe  
  14  0:18  Pylon  
  14  0:24  Probe  
  15  0:37  Probe (Chrono Boost)  
  15  0:40  Gateway  
  16  0:46  Probe (Chrono Boost)  
  17  0:50  Assimilator  
  17  0:51  Probe (Chrono Boost)  
  18  1:03  Probe (Chrono Boost)  
  19  1:05  Assimilator  
  19  1:12  Pylon  
  19  1:13  Probe (Chrono Boost)  
  19  1:18  Probe (Chrono Boost)  
  21  1:28  Cybernetics Core  
  21  1:30  Probe  
  22  1:37  Zealot  
  24  1:42  Probe  
  26  1:54  Probe  
  26  2:02  Adept (Chrono Boost)  
  26  2:07  Stargate  
  28  2:10  Warp Gate  
  28  2:17  Pylon  
  28  2:31  Stalker  
  29  2:46  Void Ray (Chrono Boost)  
  29  2:47  Pylon  
  33  3:01  Stalker  
  33  3:04  Gateway  
  35  3:19  Gateway  
  35  3:22  Void Ray (Chrono Boost)  
  39  3:36  Pylon  
  39  3:49  Pylon  
  39  4:04  Pylon  
  39  4:05  Void Ray, Stalker  
  43  4:22  Stalker x2  
  45  4:41  Shield Battery  
  45  4:44  Pylon  
  45  4:52  Stalker  
  43  4:53  Stalker  
  41  5:20  Stalker x3  
Show
View Real Time Build Order
Export as new Build Order

SKillous Protoss 

Build Orders: Blink Stalkers 

Get SALT Encoding   

  12  0:00  Probe  
  13  0:12  Probe  
  14  0:18  Pylon  
  14  0:24  Probe  
  15  0:36  Probe (Chrono Boost)  
  15  0:40  Gateway  
  16  0:46  Probe (Chrono Boost)  
  17  0:51  Probe (Chrono Boost)  
  17  0:55  Assimilator  
  18  1:03  Probe (Chrono Boost)  
  18  1:04  Assimilator  
  19  1:15  Probe (Chrono Boost)  
  20  1:21  Probe (Chrono Boost)  
  21  1:29  Zealot, Cybernetics Core  
  23  1:35  Pylon  
  23  1:46  Pylon  
  23  1:53  Probe  
  24  2:04  Stalker (Chrono Boost)  
  24  2:05  Probe  
  24  2:08  Warp Gate  
  27  2:17  Probe  
  28  2:23  Cybernetics Core  
  28  2:26  Pylon  
  28  2:29  Probe  
  29  2:33  Stalker  
  30  2:42  Twilight Council  
  30  2:52  Shield Battery  
  30  3:16  Nexus  
  30  3:18  Blink (Chrono Boost)  
  30  3:25  Probe  
  31  3:38  Shield Battery  
  31  3:43  Shield Battery  
  31  3:44  Probe  
  32  3:53  Pylon  
  32  3:56  Stalker  
  34  4:09  Shield Battery  
  34  4:10  Shield Battery  
  32  4:25  Cybernetics Core  
  32  4:28  Zealot  
  34  4:32  Dark Shrine  
  34  4:51  Zealot  
  32  4:55  Gateway  
  30  5:12  Stalker  
Tags
 
Add a new tag
Caveats
  • Supply blocks, unpowered buildings, or Contaminate may cause inaccurate times.
  • Supply counts are checked every 10 seconds.